 Dungeon Crawl Stone Soup version 0.28.0-53-g5a82cb258f (webtiles) character file.

Game seed: 14400014876131505407

371 raph the Ruffian (level 6, -6/50 HPs)
             Began as a Draconian Transmuter on July 2, 2022.
             Was an Initiate of Sif Muna.
             Killed by divine providence
             ... invoked by an orc priest
              (17 damage)
             ... on level 4 of the Dungeon.
             The game lasted 00:06:31 (5638 turns).

raph the Ruffian (Draconian Transmuter)             Turns: 5638, Time: 00:06:32

Health: -6/50      AC:  6    Str: 18    XL:     6   Next: 42%
Magic:  10/10      EV: 16    Int: 16    God:    Sif Muna [......]
Gold:   164        SH:  0    Dex: 11    Spells: 0/10 levels left

rFire   . . .      SeeInvis .     - Unarmed
rCold   . . .      Faith    .   (no shield)
rNeg    . . .      Spirit   .   (armour unavailable)
rPois   .          Reflect  .   (helmet restricted)
rElec   .          Harm     .   (no cloak)
rCorr   .          Rampage  .   (no gloves)
Will    .....                   (no boots)
Stlth   +.........              f - amulet of the acrobat
HPRegen 0.16/turn               i - +4 ring of evasion
MPRegen 0.12/turn               g - +6 ring of strength

@: no status effects
A: AC +6, unfitting armour, cold-blooded
a: Renounce Religion


You were on level 4 of the Dungeon.
You worshipped Sif Muna.
Sif Muna was noncommittal.
You visited 1 branch of the dungeon, and saw 4 of its levels.

You collected 164 gold pieces.

Inventory:

Jewellery
 c - an amulet of magic regeneration
 f - an amulet of the acrobat (around neck)
 g - a +6 ring of strength (right hand)
 i - a +4 ring of evasion (left hand)
Scrolls
 e - a scroll of teleportation
Potions
 a - a potion of haste
 d - a potion of curing
 h - a potion of brilliance {unknown}
 j - a potion of berserk rage {unknown}
 l - a potion of mutation {unknown}
 m - a potion of ambrosia {unknown}


   Skills:
 + Level 2.5 Fighting
 + Level 2.7 Dodging
 * Level 4.5 Unarmed Combat
 + Level 2.9 Spellcasting
 * Level 3.9 Transmutations
 + Level 1.4 Poison Magic


You couldn't memorise any spells.
You knew the following spells:

 Your Spells              Type           Power      Damage    Failure   Level
a - Beastly Appendage     Tmut           28%        N/A       3%          1
b - Wereblood             Tmut           14%        N/A       5%          2
c - Spider Form           Tmut/Pois      10%        N/A       19%         3
d - Ice Form              Ice/Tmut       8%         N/A       63%         4

Your spell library contained the following spells:

 Spells                   Type           Power      Damage    Failure   Level
 Blink                    Tloc           4%         N/A       28%         2
 Dazzling Flash           Conj/Hex       4%         N/A       50%         3
 Lesser Beckoning         Tloc           2%         N/A       50%         3
 Iskenderun's Mystic Bla  Conj/Tloc      2%         2d3       88%         4
 Manifold Assault         Tloc           2%         N/A       99%         5
 Starburst                Conj/Fire      1%         6d3       100%        6


Dungeon Overview and Level Annotations

Branches:
Dungeon (4/15)
 Temple: D:4-7

Altars:
Makhleb
Sif Muna
Trog
Zin

Annotations:
D:4 Blork the orc


Innate Abilities, Weirdness & Mutations

Your plain brown scales are hard. (AC +6)
You cannot fit into any form of body armour.
You are cold-blooded and may be slowed by cold attacks.


Message History

You can't go up here!
Blork the orc hits you with a +0 scimitar!
The orc priest begins to cast a cantrip, but forgets the words!
You hit something.
You hear some strange, mumbled words.
A puff of flame appears from out of thin air!
The puff of flame hits you!
* * * LOW HITPOINT WARNING * * *
Blork the orc completely misses you. Blork the orc casts a spell at you.
The magic dart hits you.
* * * LOW HITPOINT WARNING * * *
Your transformation has ended.
The gnoll shouts!
Blork the orc screams, "I'm much stronger than you!"
You barely miss something.
You feel less confused.
You can't go up here!
Blork the orc misses you.
Blork the orc casts a spell.
Blork the orc seems to speed up.
There is a stone staircase leading up here.
Blork the orc suddenly complains, as Orcs often do.
You hear some strange, mumbled words.
Something tries to affect you, but you resist.
Blork the orc casts a cantrip, but nothing happens.
Blork the orc looks satisfied for a moment.
The orc priest calls upon Beogh to heal Blork the orc.
Blork the orc is healed somewhat.
There is a stone staircase leading up, spattered with blood here.
Things that are here:
a +0 robe; a +0 dagger Sif Muna accepts your kill.
Reactivating autopickup.
You feel a bit more experienced. Blork the orc casts a spell at you.
The puff of frost misses you.
The orc priest invokes the aid of Beogh against you.
Beogh smites you!
You die...

#.........# #.........#
#.........# .
#####.........# #..
..............# ....
..............# #..#.
...........o#.#####.....
....)....#.#.....).......
........<....goo@........
.........###..)..)....##.
.........#..>.........#
...........##............
............#.##....##..
###..(...##.#....#.... .
####...#####....##....!..
......######.... .#.##..
...o.......^.# ...# #


You could see Blork the orc (fast), an orc priest, a gnoll and an orc.

Vanquished Creatures
  An ogre (D:3)
  A phantom (D:3)
  An iguana (D:3)
  2 orc wizards (D:4)
  3 gnolls (D:3)
  5 adders
  2 dart slugs
  4 orcs (D:3)
  7 ball pythons
  7 endoplasms
  4 giant cockroaches
  3 goblins
  8 hobgoblins
  8 jackals
  10 kobolds
  3 quokkas
  7 bats
  4 frilled lizards
  9 rats
89 creatures vanquished.

Notes
Turn   | Place    | Note
-------+----------+-------------------------------------------
     0 | D:1      | raph the Draconian Transmuter began the quest for the Orb.
     0 | D:1      | Reached XP level 1. HP: 16/16 MP: 3/3
   231 | D:1      | Reached XP level 2. HP: 22/23 MP: 3/5
   575 | D:1      | Reached XP level 3. HP: 28/28 MP: 6/6
   608 | D:1      | Learned a level 2 spell: Wereblood
   732 | D:1      | Found a faded altar of an unknown god.
  1053 | D:1      | Learned a level 3 spell: Spider Form
  1594 | D:2      | Reached XP level 4. HP: 28/35 MP: 7/7
  2832 | D:3      | Found a burning altar of Makhleb.
  2833 | D:3      | Found a shimmering blue altar of Sif Muna.
  2833 | D:3      | Found a bloodstained altar of Trog.
  2834 | D:3      | Found a glowing silver altar of Zin.
  3075 | D:3      | Became a worshipper of Sif Muna the Loreminder
  3283 | D:3      | Reached XP level 5. HP: 19/41 MP: 4/8
  3451 | D:4      | Noticed an ogre
  3737 | D:3      | Found a bloodstained altar of Trog.
  3739 | D:3      | Found a burning altar of Makhleb.
  3779 | D:3      | Killed an ogre
  3780 | D:3      | Reached skill level 4 in Unarmed Combat
  3780 | D:3      | Reached skill level 1 in Poison Magic
  3918 | D:4      | Noticed Blork the orc
  3918 | D:4      | Noticed a phantom
  3928 | D:3      | Found a glowing silver altar of Zin.
  3928 | D:3      | Found a shimmering blue altar of Sif Muna.
  4547 | D:3      | Reached XP level 6. HP: 48/49 MP: 7/10
  5229 | D:3      | Learned a level 4 spell: Ice Form
  5638 | D:4      | Killed from afar by an orc priest

Illustrated notes

Levels and vault maps discovered:
D:1:      dpeg_arrival_chambers_temple_mockup, layout_basic,
          hellmonk_ecumenical_altar_heavens_door, minivault_23,
          minmay_door_square, minmay_box_of_dots
D:2:      layout_loops_cross
D:3:      layout_rooms, chequers_temple_overflow_statue_of_worship
D:4:      layout_rooms, serial_shops, shop_fountains, uniq_menkaure,
          uniq_blork_the_orc

Skill      XL: |  1  2  3  4  5 |
---------------+----------------+-----
Dodging        | 2 |  2.7
Transmutations | 3 |  3.9
Fighting       | 2 |  2.5
Unarmed Combat | 4 |  4.5
Poison Magic   | 1 |  1.4
Spellcasting   | |  2.9

Action                   |  1- 3 |  4- 6 || total
-------------------------+-------+-------++-------
Melee: Unarmed           |   106 |   150 ||   256
       Kick              |    17 |     8 ||    25
       Tailslap          |    11 |     5 ||    16
       Headbutt          |    10 |     4 ||    14
       Punch             |     1 |     1 ||     2
 Cast: Beastly Appendage |    24 |    10 ||    34
       Spider Form       |     2 |    19 ||    21
       Wereblood         |     1 |     3 ||     4
  Use: Scroll            |       |     5 ||     5
 Stab: Sleeping          |     2 |       ||     2
Armor: Skin              |    38 |    30 ||    68
Dodge: Dodged            |   109 |   188 ||   297
